Map: Frost LE

Players

PtitDrogo - Winner!

  • Race: Protoss Protoss

Polt

  • Race: Terran Terran

Event: 2016 WCS Summer Circuit Championship (DH Montreal)

VOD

Have the link to the VOD?

Description

Time

  • Played on: Aug. 13, 2016, 7:29 p.m.
  • Length: 12:09

All games in this series

Show
View Real Time Build Order
Export as new Build Order

PtitDrogo Protoss - Winner!

Build Orders: 1 Gate Expand 

Get SALT Encoding   

  12  0:00  Probe (Chrono Boost)  
  13  0:11  Probe (Chrono Boost)  
  14  0:18  Pylon  
  14  0:22  Probe (Chrono Boost)  
  15  0:36  Probe (Chrono Boost), Gateway  
  16  0:46  Probe (Chrono Boost)  
  16  0:48  Assimilator  
  18  0:57  Probe (Chrono Boost)  
  18  1:07  Probe (Chrono Boost)  
  19  1:20  Nexus  
  19  1:23  Probe (Chrono Boost)  
  20  1:33  Cybernetics Core  
  20  1:36  Probe (Chrono Boost)  
  21  1:41  Assimilator  
  21  1:46  Probe (Chrono Boost)  
  22  1:51  Pylon  
  22  1:57  Probe (Chrono Boost)  
  23  2:06  Adept  
  23  2:09  Warp Gate  
  23  2:11  Probe (Chrono Boost)  
  27  2:23  Probe (Chrono Boost)  
  27  2:24  Robotics Facility  
  27  2:32  Probe (Chrono Boost)  
  27  2:35  Probe (Chrono Boost)  
  29  2:43  Probe (Chrono Boost)  
  30  2:46  Probe (Chrono Boost)  
  31  2:53  Probe (Chrono Boost)  
  31  2:56  Probe (Chrono Boost)  
  33  3:03  Pylon  
  33  3:04  Probe (Chrono Boost)  
  34  3:07  Probe (Chrono Boost)  
  34  3:10  Observer  
  34  3:12  Robotics Bay  
  36  3:14  Probe (Chrono Boost)  
  36  3:19  Assimilator  
  38  3:20  Probe (Chrono Boost), Assimilator  
  38  3:25  Probe (Chrono Boost)  
  38  3:26  Warp Prism  
  39  3:33  Mothership Core (Chrono Boost)  
  43  3:35  Probe (Chrono Boost)  
  44  3:45  Pylon  
  44  3:46  Probe (Chrono Boost)  
  45  3:52  Gravitic Drive  
  45  3:53  Probe (Chrono Boost)  
  46  3:57  Probe (Chrono Boost), Disruptor  
  50  4:05  Probe (Chrono Boost)  
  50  4:08  Gateway  
  50  4:09  Probe (Chrono Boost), Gateway  
  53  4:17  Probe (Chrono Boost)  
  53  4:18  Pylon  
  53  4:21  Probe (Chrono Boost)  
  54  4:25  Sentry  
  54  4:29  Twilight Council  
  54  4:30  Forge  
  57  4:32  Probe (Chrono Boost)  
  57  4:46  Disruptor  
  57  4:50  Probe (Chrono Boost), Blink, Protoss Ground Weapons Level 1, Pylon  
  57  4:52  Adept  
  63  4:57  Pylon  
  63  5:07  Adept  
  63  5:08  Adept  
  67  5:17  Adept  
  69  5:22  Immortal  
  69  5:25  Probe x2 (Chrono Boost)  
  75  5:29  Stalker x2  
  79  5:39  Adept  
  77  5:45  Pylon  
  77  5:54  Gateway  
  77  5:55  Sentry, Adept  
  81  5:57  Gateway  
  81  6:01  Adept  
  81  6:03  Immortal  
  89  6:11  Probe x2 (Chrono Boost)  
  89  6:16  Pylon  
  89  6:18  Nexus  
  91  6:34  Probe x2 (Chrono Boost)  
  91  6:38  Protoss Ground Armor Level 1  
  91  6:40  Resonating Glaives  
  91  6:43  Immortal  
  95  6:49  Stalker x2  
  95  6:50  Sentry  
  95  6:54  Probe (Chrono Boost)  
  102  6:56  Pylon  
  102  6:57  Pylon  
  102  7:07  Pylon  
  102  7:09  Probe x2 (Chrono Boost)  
  100  7:21  Colossus  
  100  7:22  Extended Thermal Lance  
  106  7:25  Probe x2 (Chrono Boost)  
  106  7:29  Adept x4  
  116  7:32  Probe (Chrono Boost)  
  116  7:33  Pylon  
  119  7:37  Probe (Chrono Boost)  
  119  7:38  Probe (Chrono Boost)  
  119  7:42  Probe (Chrono Boost), Gateway  
  120  7:49  Probe (Chrono Boost)  
  120  7:50  Probe (Chrono Boost)  
  121  7:53  Probe (Chrono Boost)  
  121  7:54  Sentry, Pylon  
  121  7:55  Adept x3  
  130  8:02  Probe (Chrono Boost)  
  130  8:04  Gateway  
  130  8:05  Pylon  
  131  8:15  Assimilator  
  131  8:16  Assimilator  
  131  8:19  Stalker x4  
  139  8:25  Observer  
  136  8:37  Stalker  
  128  8:43  Adept x4  
  128  8:54  Probe (Chrono Boost)  
  129  8:58  Stargate  
  129  9:04  Adept x6  
  141  9:21  Probe (Chrono Boost)  
  142  9:24  Pylon  
  142  9:25  Stalker x6  
  110  9:47  Stalker x2  
  110  9:48  Stalker x5  
  116  9:59  Probe (Chrono Boost)  
  111  10:11  Nexus  
  111  10:12  Stalker x4  
  111  10:13  Stalker x3  
  103  10:32  Pylon  
  103  10:34  Probe x2 (Chrono Boost)  
  105  10:36  Adept x3  
  105  10:37  Adept x4  
  105  11:03  Stalker x7  
  114  11:27  Stalker x7  
  114  11:31  Probe (Chrono Boost)  
  112  11:54  Stalker x5  
  106  11:56  Adept x2  
Show
View Real Time Build Order
Export as new Build Order

Polt Terran 

Build Orders: Command Center First (CC), MMM Bio 

Get SALT Encoding   

  12  0:00  SCV  
  13  0:12  SCV  
  14  0:17  Supply Depot  
  14  0:24  SCV  
  15  0:38  SCV  
  16  0:50  SCV  
  17  1:01  Command Center  
  17  1:03  SCV  
  18  1:12  Barracks  
  18  1:15  SCV  
  19  1:28  SCV  
  19  1:29  Barracks  
  20  1:40  SCV  
  20  1:43  Barracks  
  21  1:52  SCV  
  22  2:01  Marine  
  22  2:05  Orbital Command  
  23  2:13  Orbital Command  
  23  2:16  Marine  
  23  2:19  Marine  
  25  2:25  Refinery  
  25  2:27  Refinery  
  25  2:31  Marine, SCV  
  25  2:35  Marine  
  28  2:39  SCV  
  28  2:43  SCV  
  30  2:46  Marine  
  30  2:48  Marine  
  30  2:50  Supply Depot  
  31  2:52  SCV  
  31  2:55  SCV  
  31  2:56  Barracks Tech Lab  
  33  3:04  SCV  
  34  3:07  Marine x2, SCV  
  34  3:11  Supply Depot  
  37  3:15  Marine  
  37  3:16  Stimpack  
  37  3:17  SCV  
  37  3:19  SCV  
  40  3:25  Engineering Bay  
  40  3:26  Barracks Reactor  
  40  3:27  Marine  
  40  3:29  SCV  
  40  3:31  SCV  
  40  3:33  Supply Depot, Marine  
  44  3:47  Barracks Tech Lab, SCV x2  
  46  3:51  Missile Turret, Marine  
  47  3:59  SCV x2  
  49  4:03  Marine x2  
  49  4:05  Combat Shields, Marine  
  49  4:08  Supply Depot  
  49  4:09  Marine  
  53  4:12  Factory  
  53  4:14  SCV x2  
  55  4:21  Refinery  
  55  4:26  Marauder, SCV x2  
  55  4:27  Marauder  
  55  4:30  Marine x2  
  63  4:35  Supply Depot  
  62  4:38  SCV x2  
  64  4:49  Missile Turret, Marine x3, Refinery  
  67  4:53  SCV x2  
  67  4:58  Starport  
  69  5:00  Factory Reactor  
  69  5:05  SCV x2  
  71  5:09  Supply Depot  
  68  5:19  Marine x2  
  68  5:20  Marine, Marauder  
  73  5:24  Supply Depot, Concussive Shells  
  73  5:29  SCV x2  
  71  5:49  Medivac x2  
  75  5:50  SCV x2  
  75  5:56  Marine x3  
  82  5:57  Marauder  
  82  6:05  Command Center  
  82  6:08  Widow Mine  
  84  6:14  Barracks x2  
  84  6:16  Terran Infantry Weapons Level 1  
  83  6:19  Medivac  
  83  6:21  Medivac  
  83  6:24  SCV x2  
  89  6:36  SCV x2  
  93  6:41  Widow Mine  
  93  6:44  Supply Depot  
  93  6:46  Supply Depot  
  91  6:48  Liberator x2, SCV x2  
  92  7:00  Starport  
  92  7:03  Fusion Core  
  92  7:08  SCV x2  
  99  7:14  Marine x2  
  99  7:15  Marauder x2  
  104  7:16  Barracks Tech Lab, Barracks Reactor  
  104  7:20  SCV x2  
  104  7:21  Orbital Command  
  106  7:32  SCV x2  
  106  7:33  Refinery  
  106  7:34  Widow Mine, Refinery  
  106  7:36  Starport Tech Lab  
  110  7:40  Liberator  
  110  7:44  SCV x2  
  110  7:46  Liberator x2  
  111  7:52  Marine x2, Marauder x3  
  111  7:56  SCV x2  
  124  8:00  Advanced Ballistics  
  124  8:05  Supply Depot x2  
  130  8:08  Supply Depot  
  130  8:14  Missile Turret  
  130  8:19  SCV x3  
  133  8:24  Supply Depot x2  
  133  8:28  Liberator, Marauder x3  
  133  8:29  Liberator  
  133  8:31  Marine x4  
  133  8:33  SCV x2  
  133  8:45  SCV  
  112  9:04  Marauder x3  
  112  9:07  Orbital Command  
  112  9:08  Marine x4  
  122  9:11  Liberator  
  122  9:12  Liberator  
  122  9:25  Marauder  
  122  9:26  Marine x4, Marauder x2  
  97  9:53  Marine x4, Marauder x3  
  97  9:54  Liberator  
  97  9:55  Liberator  
  99  10:11  Marine x4  
  100  10:14  Marauder  
  100  10:15  Marauder x2  
  74  10:29  Marine x4  
  78  10:36  Marauder x3  
  84  10:46  Marine x2  
  84  10:47  Marine x2  
  84  10:48  Liberator x2  
  61  10:57  Marauder x2  
  61  10:58  Marauder  
  56  11:06  SCV  
  56  11:09  Marine x4, Refinery  
  56  11:10  Refinery  
  66  11:19  Marauder x3, SCV  
  66  11:22  SCV  
  72  11:31  SCV  
  72  11:32  Marine x4  
  77  11:34  SCV  
  75  11:43  SCV  
  71  11:47  Marauder x3  
  69  11:55  SCV  
Tags
 
Add a new tag
Caveats
  • Supply blocks, unpowered buildings, or Contaminate may cause inaccurate times.
  • Supply counts are checked every 10 seconds.